 Dungeon Crawl Stone Soup version 0.25-a0-834-g55863b0b92 (webtiles) character file.

Game seed: 17413945501827575581, levelgen mode: deterministic

140 Esekla the Ducker (level 5, -4/28 HPs)
             Began as a Tengu Venom Mage on Apr 22, 2020.
             Killed from afar by Sigmund (11 damage)
             ... with a magic dart
             ... on level 3 of the Dungeon.
             The game lasted 00:13:30 (2116 turns).

Esekla the Ducker (Tengu Venom Mage)                Turns: 2116, Time: 00:13:31

Health: -4/28      AC:  6    Str:  9    XL:     5   Next: 22%
Magic:  2/10       EV: 11    Int: 16    God:
Gold:   121        SH:  0    Dex: 14    Spells: 4/10 levels left

rFire    . . .     SeeInvis .   b - +1 dagger (vamp)
rCold    . . .     Gourm    .   (no shield)
rNeg     . . .     Faith    .   k - +0 ring mail (curse)
rPois    .         Spirit   .   (helmet restricted)
rElec    .         Reflect  .   n - +0 cloak
rCorr    .         Harm     .   (no gloves)
MR       .....                  (boots unavailable)
Stlth    +.........             (no amulet)
HPRegen  0.09/turn              (no ring)
MPRegen  0.12/turn              (no ring)

@: lethally poisoned (-4 -> -10), very slightly contaminated
A: beak, talons 3, able to fly
a: Fly


You were on level 3 of the Dungeon.
You were hungry.

You visited 1 branch of the dungeon, and saw 3 of its levels.

You collected 121 gold pieces.

Inventory:

Hand Weapons
 b - a +1 vampiric dagger (weapon)
 o - a +0 spear
Armour
 a - a +0 robe
 k - a cursed +0 ring mail (worn)
 n - a +0 cloak (worn)
Scrolls
 d - a scroll of identify
 e - a scroll of immolation {unknown}
 g - 2 scrolls of fear {unknown}
 h - a scroll of fog {unknown}
 i - a scroll of teleportation {unknown}
 l - a scroll of remove curse
 m - a scroll of blinking {unknown}
Potions
 f - a potion of mutation
 j - a potion of invisibility
 q - a potion of stabbing {unknown}
Comestibles
 c - 4 rations


   Skills:
 + Level 0.1 Fighting
 + Level 1.1 Short Blades
 * Level 1.4 Armour
 * Level 3.2 Dodging
 - Level 2.0 Stealth
 * Level 3.1 Spellcasting
 * Level 1.6 Conjurations
 - Level 0.7 Transmutations
 * Level 2.3 Air Magic
 - Level 3.0 Poison Magic


You had 4 spell levels left.
You knew the following spells:

 Your Spells              Type           Power        Failure   Level  Hunger
a - Sting                 Tmut/Pois      #...         24%         1    None
c - Mephitic Cloud        Conj/Pois/Air  #.......     52%         3    ###....
v - Poisonous Vapours     Pois/Air       ##....       26%         2    ##.....

Your spell library contained the following spells:

 Spells                   Type           Power        Failure   Level  Hunger
 Ignite Poison            Fire/Tmut/Pois #.......     67%         3    ###....
 Olgreb's Toxic Radiance  Pois           ##......     83%         4    ####...


Dungeon Overview and Level Annotations

Branches:
Dungeon (3/15)

Altars:
Dithmenos

Annotations:
D:3 Sigmund


Innate Abilities, Weirdness & Mutations

You have a beak for a mouth.
You have claws for feet.
You can fly continuously.


Message History

Casting: Poisonous Vapours (mildly dangerous; 26% risk of failure)
Confirm with . or Enter, or press ? or * to list all spells.
Aiming: Mephitic Cloud (dangerous; 52% risk of failure)
Press: ? - help, Shift-Dir - straight line
Okay, then.
Casting: Mephitic Cloud (dangerous; 52% risk of failure)
Confirm with . or Enter, or press ? or * to list all spells.
Aiming: Mephitic Cloud (dangerous; 52% risk of failure)
Press: ? - help, Shift-Dir - straight line, f - Sigmund
Aim: Sigmund, wielding a +0 scythe, wearing a +0 robe and carrying a wand of flame (19)
You miscast Mephitic Cloud.
You are very lightly contaminated with residual magic.
You feel rather nauseous for a moment!!
You are poisoned.
Ouch! That really hurt!
* * * LOW HITPOINT WARNING * * *
x2 You feel sick.
Sigmund points at you and mumbles some strange words.
The magic dart hits you!
You die...

s.# #.. ... # #..# ##.##
... #. ... #... #.# #..#.@
#..######.#
#..#..####.........#
#.......)...###.##.####
#....###............. #
#...@................
#.##+##+#.###..##.###.###.
...^....#.###..#..........
..........................
........#..##.##..##......
..............##..##......
#...###.##..####.<##......
#.. #.###.## #.####.....
#. #.# #..# #†# #.###.


You could see Sigmund.

Vanquished Creatures
  A bullfrog skeleton (D:2)
  A worker ant (D:3)
  A gnoll (D:2)
  3 adders
  A worm (D:2)
  2 dart slugs
  A leopard gecko (D:2)
  An orc (D:3)
  A giant cockroach (D:1)
  9 goblins
  4 hobgoblins
  7 bats
  2 frilled lizards
  5 kobolds
  3 rats
42 creatures vanquished.

Notes
Turn   | Place    | Note
-------+----------+-------------------------------------------
     0 | D:1      | Esekla the Tengu Venom Mage began the quest for the Orb.
     0 | D:1      | Reached XP level 1. HP: 10/10 MP: 4/4
   164 | D:1      | Reached XP level 2. HP: 10/15 MP: 4/6
   176 | D:1      | Learned a level 2 spell: Poisonous Vapours
   681 | D:2      | Reached skill level 1 in Armour
   681 | D:2      | Reached XP level 3. HP: 16/19 MP: 4/7
   707 | D:2      | Learned a level 3 spell: Mephitic Cloud
   977 | D:2      | Reached skill level 1 in Conjurations
   977 | D:2      | Reached skill level 1 in Air Magic
   977 | D:2      | Reached XP level 4. HP: 8/24 MP: 9/9
  1758 | D:2      | Reached skill level 1 in Short Blades
  1961 | D:2      | Found a shadowy altar of Dithmenos.
  2071 | D:3      | Gained mutation: You can fly continuously. [Tengu growth]
  2071 | D:3      | Reached XP level 5. HP: 28/28 MP: 1/10
  2114 | D:3      | Noticed Sigmund
  2116 | D:3      | Killed from afar by Sigmund

Levels and vault maps discovered:
D:1:      dpeg_arrival_shelter, layout_rooms, corner_web_ring
D:2:      minmay_diamond_boxcup, layout_loops_ring,
          nicolae_dithmenos_through_a_glass_darkly
D:3:      layout_basic, first_ration, uniq_sigmund

Skill      XL: |  1  2  3  4 |
---------------+-------------+-----
Armour         | 1 |  1.4
Conjurations   | 1 |  1.6
Air Magic      | 1 2 |  2.3
Spellcasting   | 3 |  3.1
Short Blades   | 1 |  1.1
Dodging        | 3 |  3.2
Fighting       | |  0.1
Stealth        | |  2.0
Transmutations | |  0.7
Poison Magic   | |  3.0

Action                   |  1- 3 |  4- 6 || total
-------------------------+-------+-------++-------
Melee: Dagger            |    41 |    29 ||    70
       Kick              |     4 |     6 ||    10
       Peck              |     6 |     4 ||    10
 Cast: Sting             |     5 |       ||     5
       Poisonous Vapours |     9 |    13 ||    22
       Mephitic Cloud    |       |     2 ||     2
  Use: Scroll            |     4 |       ||     4
 Stab: Sleeping          |     3 |     1 ||     4
  Eat: Chunk             |     1 |     4 ||     5
Armor: Robe              |     9 |       ||     9
       Ring mail         |     8 |    17 ||    25
Dodge: Dodged            |    36 |    26 ||    62

Table legend:
 A = Non-vault XP
 B = Vault XP
 C = Vault XP percentage of total XP
 D = Non-vault monster count
 E = Vault monster count
 F = Vault count percentage of total count
                 A         B        C        D         E       F
            +---------+---------+-------+---------+---------+-------
      Total |     175 |      25 |  12.5 |      35 |       7 |  16.7
            +---------+---------+-------+---------+---------+-------
        D:1 |      35 |       0 |   0.0 |      14 |       0 |   0.0
        D:2 |      99 |      25 |  20.2 |      18 |       7 |  28.0
        D:3 |      41 |       0 |   0.0 |       3 |       0 |   0.0
            +---------+---------+-------+---------+---------+-------
